 Dungeon Crawl Stone Soup version 0.22-a0-417-g1387785 (webtiles) character file.

56 Kairos the Chopper (level 3, 0/27 HPs)
             Began as a Demonspawn Gladiator on May 14, 2018.
             Splashed by a jelly's acid (5 damage)
             ... on level 2 of the Dungeon.
             The game lasted 00:01:12 (1137 turns).

Kairos the Chopper (Demonspawn Gladiator)           Turns: 1137, Time: 00:01:12

Health: 0/27       AC:  8    Str: 15    XL:     3   Next: 69%
Magic:  3/3        EV:  7    Int:  9    God:
Gold:   48         SH:  0    Dex: 14    Spells: 2/2 levels left

rFire    . . .     SeeInvis .   a - +0 war axe
rCold    . . .     Gourm    .   (no shield)
rNeg     . . .     Faith    .   h - +0 chain mail
rPois    .         Spirit   .   c - +0 helmet
rElec    .         Reflect  .   (no cloak)
rCorr    .         Harm     .   (no gloves)
MR       .....                  j - +0 pair of boots
Stlth    ..........             (no amulet)
HPRegen  0.09/turn              (no ring)
MPRegen  0.08/turn              (no ring)

@: corroded
A: slimy green scales 1
a: no special abilities


You were on level 2 of the Dungeon.
You were hungry.

You visited 1 branch of the dungeon, and saw 2 of its levels.

You collected 48 gold pieces.

Inventory:

Hand Weapons
 a - a +0 war axe (weapon)
Missiles
 d - 3 throwing nets (quivered)
Armour
 b - a +0 leather armour
 c - a +0 helmet (worn)
 h - a +0 chain mail (worn)
 j - a +0 pair of boots (worn)
Scrolls
 i - a scroll of fog {unknown}
 l - a scroll of teleportation {unknown}
 m - 2 scrolls of noise {unknown}
Potions
 e - a potion of heal wounds {unknown}
 g - a potion of magic {unknown}
 k - a potion of might {unknown}
 n - a potion of degeneration {unknown}
 o - a potion of curing {unknown}
Comestibles
 f - 5 rations


   Skills:
 + Level 2.1 Fighting
 + Level 3.5 Axes
 + Level 1.9 Throwing
 + Level 0.1 Armour
 + Level 3.4 Dodging
 + Level 0.1 Stealth


You had 2 spell levels left.
You didn't know any spells.
Your spell library was empty.

Dungeon Overview and Level Annotations

Branches:
Dungeon (2/15)

Altars:


Innate Abilities, Weirdness & Mutations

You are partially covered in slimy green scales. (AC +2)


Message History

The jelly hits you but does no damage. The frilled lizard bites you.
You hit the jelly but do no damage.
Your hands burn!
The jelly is lightly wounded.
You slash the frilled lizard!
You kill the frilled lizard!
The jelly hits you but does no damage. x2
You hit the jelly but do no damage.
Your hands burn!
The jelly is lightly wounded.
The jelly hits you but does no damage.
You hit the jelly.
Your hands burn!
The jelly is moderately wounded.
The jelly hits you.
You are splashed with acid!
The acid burns!
* * * LOW HITPOINT WARNING * * *
You are too injured to fight recklessly!
You hit the jelly but do no damage.
Your hands burn!
* * * LOW HITPOINT WARNING * * *
The jelly is moderately wounded.
The jelly closely misses you. x2
You hit the jelly but do no damage.
Your hands burn!
You die...

#.....# ## #.# #.
#.....#.. #.# #.
###.....#. #.####.
).'.....'...
#...... #.....##'#
####### #....#.#
#.##.#.# # #J#.#
#@#.#
#)#.##############
#..(((............
###.##############
...# #####


You could see a jelly.

Vanquished Creatures
  A gnoll (D:1)
  A worm (D:2)
  2 dart slugs (D:1)
  2 leopard geckos
  3 bats
  A giant cockroach (D:1)
  8 goblins
  4 hobgoblins
  2 jackals (D:2)
  A kobold (D:1)
  A quokka (D:2)
  A ball python (D:2)
  2 frilled lizards
  6 rats
35 creatures vanquished.

Notes
Turn   | Place    | Note
-------+----------+-------------------------------------------
     0 | D:1      | Kairos the Demonspawn Gladiator began the quest for the Orb.
     0 | D:1      | Reached XP level 1. HP: 16/16 MP: 1/1
    30 | D:1      | Gained mutation: You are partially covered in slimy green scales. (AC +2) [demonic ancestry]
    30 | D:1      | Reached XP level 2. HP: 20/22 MP: 2/2
   132 | D:1      | Reached XP level 3. HP: 21/27 MP: 3/3
   568 | D:2      | Noticed an ogre
  1137 | D:2      | Splashed by a jelly's acid

Vault maps used:
D:1:      nicolae_arrival_memento_mori, st_stairs_3
D:2:      gammafunk_temple_overflow_claw

Skill      XL: |  1 |
---------------+----+-----
Axes           | 3 |  3.5
Dodging        | 3 |  3.4
Fighting       | |  2.1
Throwing       | |  1.9
Armour         | |  0.1
Stealth        | |  0.1

Action                   || total
-------------------------++-------
Melee: War axe           ||    82
 Stab: Sleeping          ||     1
Armor: Leather armour    ||     7
       Chain mail        ||    42
Dodge: Dodged            ||    39

Table legend:
 A = Spawn XP
 B = Non-spawn XP
 C = Spawn XP percentage of total XP
 D = Spawn monster count
 E = Non-spawn monster count
 F = Spawn count percentage of total count
 G = Total turns spent on level
                    A         B        C        D         E        F      G
               +---------+---------+-------+---------+---------+-------+---------
         Total |       0 |      80 |   0.0 |       0 |      35 |   0.0 |  1137
               +---------+---------+-------+---------+---------+-------+---------
           D:1 |       0 |      54 |   0.0 |       0 |      22 |   0.0 |   806
           D:2 |       0 |      26 |   0.0 |       0 |      13 |   0.0 |   331
               +---------+---------+-------+---------+---------+-------+---------
